 Dungeon Crawl Stone Soup version 0.31.0-9-g3a7656b989 (webtiles) character file.

Game seed: 12802669902835057081

1099 Kallu the Apothecary (level 8, -12/56 HPs)
             Began as a Vampire Conjurer on Jan 29, 2024.
             Was an Initiate of Sif Muna.
             Mangled by a two-headed ogre
             ... wielding a +0 giant club
              (36 damage)
             ... on level 9 of the Dungeon.
             The game lasted 00:09:29 (5854 turns).

Kallu the Apothecary (Vampire Conjurer)             Turns: 5854, Time: 00:09:30

Health: -12/56     AC:  3    Str: 18    XL:     8   Next: 10%
Magic:  2/12       EV: 12    Int: 23    God:    Sif Muna [......]
Gold:   297        SH:  0    Dex: 12    Spells: 3/13 levels left

rFire   . . .        p - +2 short sword (venom)
rCold   . . .        (no shield)
rNeg    . . .        a - +0 robe
rPois   .            t - +1 hat
rElec   .            (no cloak)
rCorr   .            (no gloves)
SInv    +            (no boots)
Will    .....        (no amulet)
Stlth   ++           i - +6 ring of strength
HPRegen 0.49/turn    y - +6 ring of strength
MPRegen 0.13/turn

%: no passive effects
@: very slightly contaminated, healing quickly
A: alive, fangs 3, see invisible, vampiric 2
a: Exsanguinate, Renounce Religion


You were on level 9 of the Dungeon.
You worshipped Sif Muna.
Sif Muna was noncommittal.
You visited 2 branches of the dungeon, and saw 8 of its levels.

You collected 297 gold pieces.

Inventory:

Hand Weapons
 p - a +2 short sword of venom (weapon)
Missiles
 g - 13 poisoned darts
 n - a throwing net
Armour
 a - a +0 robe (worn)
 t - a +1 hat (worn)
Jewellery
 i - a +6 ring of strength (left hand)
 o - a ring of fire
 y - a +6 ring of strength (right hand)
Wands
 r - a wand of paralysis (7)
Scrolls
 c - 6 scrolls of identify {unknown}
 d - a scroll of noise {unknown}
 h - 2 scrolls of enchant armour {unknown}
 k - 3 scrolls of teleportation {unknown}
 q - a scroll of enchant weapon {unknown}
 s - a scroll of vulnerability {unknown}
 v - 2 scrolls of immolation {unknown}
 w - 2 scrolls of blinking {unknown}
 x - a scroll of poison {unknown}
Potions
 b - 3 potions of magic
 e - a potion of mutation {unknown}
 f - 4 potions of haste {unknown}
 j - a potion of brilliance {unknown}
 l - 4 potions of degeneration {unknown}
 m - a potion of might {unknown}
 u - a potion of curing {unknown}
 z - a potion of resistance {unknown}


   Skills:
 - Level 2.0 Fighting
 - Level 2.1 Dodging
 - Level 3.0 Stealth
 - Level 3.0 Spellcasting
 - Level 4.0 Conjurations
 + Level 4.6 Air Magic
 - Level 7.0 Alchemy


You had 3 spell levels left.
You knew the following spells:

 Your Spells              Type           Power      Damage    Failure   Level
a - Magic Dart            Conj           84%        1d7       2%          1
b - Searing Ray           Conj           42%        2d6       3%          2
c - Fulminant Prism       Conj/Alch      14%        3d8       12%         4
d - Mephitic Cloud        Conj/Alch/Air  27%        N/A       4%          3

Your spell library contained the following spells:

 Spells                   Type           Power      Damage    Failure   Level
 Sting                    Conj/Alch      100%       1d9       1%          1
 Swiftness                Air            24%        N/A       5%          3
 Apportation              Tloc           6%         N/A       12%         1
 Necrotise                Necr           12%        1d4       12%         1
 Summon Small Mammal      Summ           12%        N/A       12%         1
 Dazzling Flash           Conj/Hex       24%        N/A       16%         3
 Call Imp                 Summ           6%         N/A       17%         2
 Ensorcelled Hibernation  Hex/Ice        6%         N/A       17%         2
 Sublimation of Blood     Necr           3%         N/A       17%         2
 Passwall                 Erth           3%         N/A       34%         3
 Vhi's Electric Charge    Tloc/Air       28%        N/A       41%         4
 Brom's Barrelling Bould  Conj/Erth      12%        2d4       45%         4
 Iskenderun's Mystic Bla  Conj/Tloc      12%        2d5       45%         4
 Arcjolt                  Conj/Air       11%        1d21      50%         5
 Iskenderun's Battlesphe  Conj           21%        2d7       52%         5
 Silence                  Hex/Air        7%         N/A       77%         5
 Fireball                 Conj/Fire      6%         3d5       80%         5
 Curse of Agony           Necr           3%         N/A       97%         5
 Conjure Ball Lightning   Conj/Air       11%        3x3d6     97%         6
 Plasma Beam              Fire/Air       7%         2x1d17    100%        6
 Orb of Destruction       Conj           10%        9d6       100%        7
 Summon Hydra             Summ           1%         N/A       100%        7


Dungeon Overview and Level Annotations

Branches:
Dungeon (6/15)             Temple (1/1) D:4

Altars:
Ashenzari
Cheibriados
Dithmenos
Fedhas
Gozag
Hepliaklqana
Nemelex Xobeh
Okawaru
Qazlal
Ru
Sif Muna
Trog
Uskayaw
Vehumet
Wu Jian
Xom
Yredelemnul

Annotations:
D:3 1 runed translucent door, Crazy Yiuf
D:9 3 runed translucent doors, PanSaczeczos's ghost, novice DEGl


Innate Abilities, Weirdness & Mutations

Your natural rate of healing is accelerated.
You have razor-sharp teeth.
You have supernaturally acute eyesight. (SInv)
You are afflicted with vampirism and can become a bat while bloodless.


Message History

You kill the bullfrog!
Sif Muna accepts your kill.
Casting: Fulminant Prism (dangerous; 12% risk of failure)
Confirm with . or Enter, or press ? or * to list all spells.
Okay, then.
Unknown command.
Casting: Fulminant Prism (dangerous; 12% risk of failure)
Confirm with . or Enter, or press ? or * to list all spells.
Aiming: Mephitic Cloud (dangerous; 4% risk of failure)
Press: ? - help, Shift-Dir - straight line, f - two-headed ogre
Aim: a two-headed ogre, wielding two +0 giant clubs (chance to affect: 53%)
The ball explodes into a vile cloud!
The stinking cloud engulfs the two-headed ogre.
The two-headed ogre is engulfed in noxious fumes.
PanSaczeczos's ghost shrieks, "What do you have that I didn't have?"
You open the door.
A troll comes into view.
The troll shouts!
Found a scroll labelled NOKHEP KUVVIYJ.
There is an open door here.
Okay, then.
Unknown command.
The troll bites you. The troll misses you.
The troll claws you but does no damage.
Unknown command.
Casting: Mephitic Cloud (dangerous; 4% risk of failure)
Confirm with . or Enter, or press ? or * to list all spells.
Aiming: Mephitic Cloud (dangerous; 4% risk of failure)
Press: ? - help, Shift-Dir - straight line, p - two-headed ogre You miscast Mephitic Cloud.
You are very lightly contaminated with residual magic.
Nothing appears to happen.
The troll bites you! The troll claws you! The troll barely misses you.
Unknown command.
Unknown command.
Unknown command.
The two-headed ogre attacks as it pursues you!
The two-headed ogre hits you with a +0 giant club!!!
Ouch! That really hurt!
You die...

...#.#..##...........#.####.....
...#h+.................# #.....
.8.#W+...#....O..>...### ####'#
..o#.+.†#########.#### #.#
..o#o#..# #....# #.# .##oo#..#
#.#### #.. .8#oo#..######'######
###### .##.o#..#.....TO....#
...... .....#..'......@>...#
...... ######8.#.......<...#
...... #..#...........# ......
#.##...........# ...... #.
#...........# ...... ..
#.......[.?.# ...... ..#
............# ...... ##
#...........+ ###### .........


You could see a two-headed ogre and a troll.

Vanquished Creatures
  A water moccasin (D:5)
  A black bear (D:6)
  A sky beast (D:6)
  An ogre (D:6)
  A bullfrog (D:9)
  3 scorpions
  An orc priest (D:6)
  2 jellies
  4 hounds
  A sleepcap (D:6)
  2 iguanas
  2 orc wizards
  5 adders
  A shadow imp (D:6)
  2 ufetubi (D:6)
  A dart slug (D:1)
  15 orcs
  5 bats
  4 endoplasms
  3 giant cockroaches
  6 goblins
  6 hobgoblins
  5 quokkas
  7 ball pythons
  4 frilled lizards
  6 kobolds
  2 rats
  A spectral hobgoblin (D:6)
93 creatures vanquished.

Vanquished Creatures (others)
  6 fulminant prisms
6 creatures vanquished.

Grand Total: 99 creatures vanquished

Notes
Turn   | Place    | Note
-------+----------+-------------------------------------------
     0 | D:1      | Kallu the Vampire Conjurer began the quest for the Orb.
     0 | D:1      | Reached XP level 1. HP: 13/13 MP: 3/3
   342 | D:1      | Reached XP level 2. HP: 18/19 MP: 5/5
   372 | D:1      | Learned a level 2 spell: Searing Ray
  1151 | D:2      | Gained mutation: You are afflicted with vampirism and can
                  | become a bat while bloodless. [Vampire growth]
  1151 | D:2      | Reached XP level 3. HP: 24/24 MP: 3/6
  1373 | D:2      | Found a faded altar of an unknown god.
  2416 | D:3      | Reached XP level 4. HP: 30/30 MP: 3/7
  2423 | D:3      | Learned a level 4 spell: Fulminant Prism
  2512 | D:3      | Reached skill level 1 in Alchemy
  2637 | D:3      | Found a runed translucent door.
  2638 | D:3      | Noticed Crazy Yiuf
  2979 | D:4      | HP: 1/30 [acid (8)]
  2981 | D:4      | Reached skill level 2 in Alchemy
  3062 | D:4      | Reached XP level 5. HP: 35/35 MP: 3/9
  3082 | D:4      | Reached skill level 3 in Alchemy
  3286 | D:4      | Found a staircase to the Ecumenical Temple.
  3319 | Temple   | Entered the Ecumenical Temple
  3341 | Temple   | Became a worshipper of Sif Muna the Loreminder
  3528 | D:4      | Reached skill level 4 in Alchemy
  3830 | D:5      | Entered Level 5 of the Dungeon
  3837 | D:5      | Reached XP level 6. HP: 41/41 MP: 10/10
  4041 | D:5      | Reached skill level 5 in Alchemy
  4150 | D:5      | Noticed a water moccasin
  4162 | D:5      | Killed a water moccasin
  4688 | D:5      | Reached skill level 6 in Alchemy
  4805 | D:6      | Learned a level 3 spell: Mephitic Cloud
  4875 | D:6      | Found a hazy altar of Hepliaklqana.
  4950 | D:6      | Noticed a sky beast
  4960 | D:6      | Killed a sky beast
  4961 | D:6      | Reached XP level 7. HP: 28/46 MP: 6/11
  4981 | D:6      | Reached skill level 7 in Alchemy
  4981 | D:6      | Reached skill level 1 in Fighting
  5081 | D:6      | Reached skill level 1 in Air Magic
  5564 | D:6      | Reached XP level 8. HP: 34/56 MP: 4/12
  5746 | D:6      | You fall into a shaft and drop 3 floors!
  5795 | D:9      | Found a runed translucent gate.
  5795 | D:9      | Found a runed translucent gate.
  5797 | D:9      | Found a runed translucent gate.
  5799 | D:9      | Identified the +0 chain mail of Elitism {*Corrode rF+ Int+2
                  | Dex+2}
  5799 | D:9      | Noticed PanSaczeczos's ghost (novice DEGl)
  5812 | D:9      | Noticed a two-headed ogre
  5850 | D:9      | Noticed a troll
  5854 | D:9      | Mangled by a two-headed ogre

Illustrated notes

Levels and vault maps discovered:
D:1:      mrwooster_arrival_statue, layout_basic
D:2:      layout_basic, hellmonk_ecumenical_altar_heavens_door
D:3:      layout_basic, kennysheep_flooded_box,
          amcnicky_mini_rare_corridor_liquid, uniq_crazy_yiuf_cottage
D:4:      layout_rooms, minmay_temple_entry_antechambers
D:5:      layout_basic
D:6:      layout_basic, nicolae_hepliaklqana_monster_ancestors
D:9:      layout_roguey, jmf_multi_god_temple2, biasface_ghost_orc_armoury
Temple:   compressed_dpeg_triangle_lava_temple

Skill      XL: |  1  2  3  4  5  6  7 |
---------------+----------------------+-----
Conjurations   | 3 4 |  4.0
Spellcasting   | 3 |  3.0
Alchemy        | 2 4 6 7 |  7.0
Fighting       | 2 |  2.0
Air Magic      | 4 |  4.6
Dodging        | |  2.1
Stealth        | |  3.0

Action                     |  1- 3 |  4- 6 |  7- 9 || total
---------------------------+-------+-------+-------++-------
  Melee: Unarmed           |    30 |       |       ||    30
         Spear             |    48 |       |       ||    48
         Bite              |     6 |     3 |     8 ||    17
         Short sword       |     9 |    66 |    50 ||   125
         Punch             |       |       |     1 ||     1
   Cast: Magic Dart        |    57 |     8 |    27 ||    92
         Searing Ray       |     2 |     9 |     4 ||    15
         Fulminant Prism   |       |     2 |     4 ||     6
         Mephitic Cloud    |       |       |     2 ||     2
   Stab: Sleeping          |     6 |     3 |       ||     9
 Armour: Robe              |    50 |    49 |    63 ||   162
  Dodge: Dodged            |    63 |    25 |    38 ||   126
